 Dungeon Crawl Stone Soup version 0.31-a0-557-g6e16503903 (webtiles) character file.

Game seed: 366623547573087386

1914095 motkurizz the Imperceptible (level 27, 217/217 HPs)
             Began as a Gnoll Wanderer on Aug 16, 2023.
             Was the Champion of Cheibriados.
             Escaped with the Orb
             ... and 3 runes on Aug 17, 2023!
             The game lasted 02:52:21 (53399 turns).

motkurizz the Imperceptible (Gnoll Wanderer)       Turns: 53399, Time: 02:52:22

Health: 217/217    AC: 29    Str: 28    XL:     27
Magic:  53/53      EV: 47    Int: 28    God:    Cheibriados [******]
Gold:   107        SH: 41    Dex: 56    Spells: 5/61 levels left

rFire   + + .        a - +9 hand crossbow (freeze)
rCold   + + .        o - +8 tower shield {rF+}
rNeg    + + +        H - quicksilver dragon scales "Quoceteim" {rPois Will+ Dex+3}
rPois   +            (helmet restricted)
rElec   .            O - +2 cloak {rCorr}
rCorr   +            N - +2 pair of gloves "Nemola" {rN++ MP+9 Dex+3}
SInv    +            p - +2 pair of boots
Will    +++..        L - amulet of the Fabulous God {rC+ Regen+ Int+3}
Stlth   ++++         t - ring of Suifuast {rC+ AC+4 Str+4 Dex+3}
HPRegen 1.36/turn    i - ring of the Ban {rF+ rN++ SInv}
MPRegen 0.33/turn

%: no passive effects
@: studying 4 skills, very slow
A: fangs 1, strong nose, distributed training, horns 1, iridescent scales 1,
agile 1, deformed body, sense surroundings 1, inhibited regeneration
0: Orb of Zot
}: 3/15 runes: decaying, serpentine, abyssal
a: Renounce Religion, Bend Time, Temporal Distortion, Slouch, Step From Time


You escaped.
You worshipped Cheibriados.
Cheibriados was exalted by your worship.
You visited 10 branches of the dungeon, and saw 47 of its levels.
You visited the Abyss 1 time.
You also visited: Trove, Sewer, Ossuary, Ice Cave and Volcano.

You collected 6154 gold pieces.
You spent 6047 gold pieces at shops.

Inventory:

Hand Weapons
 a - a +9 hand crossbow of freezing (weapon)
 b - a +6 quick blade of electrocution
 P - the +4 quick blade "Guihosori" {heavy, *Slow +Blink Will+}
   (You bought it in a shop on level 12 of the Dungeon)

   Will+:     It increases your willpower.
   +Blink:    It lets you blink.
   *Slow:     It may slow you when you take damage.
Armour
 o - a +8 tower shield of fire resistance (worn)
 p - a +2 pair of boots (worn)
 H - the quicksilver dragon scales "Quoceteim" (worn) {rPois Will+ Dex+3}
   (You bought it in a shop on level 3 of the Snake Pit)

   Dex+3:     It affects your dexterity (+3).
   rPois:     It protects you from poison Will+: It increases your willpower.
 I - the +0 helmet of Classification {Str+5}
   (You found it on level 3 of the Snake Pit)

   Str+5:     It affects your strength (+5).
 N - the +2 pair of gloves "Nemola" (worn) {rN++ MP+9 Dex+3}
   (You found it on level 5 of the Lair of Beasts)

   Dex+3:     It affects your dexterity (+3).
   rN++:      It greatly protects you from negative energy.
   MP+9:      It affects your magic capacity (+9).
 O - a +2 cloak of preservation (worn)
 Q - a +2 cloak of poison resistance
Jewellery
 i - the ring of the Ban (right hand) {rF+ rN++ SInv}
   (You bought it in a shop on level 12 of the Dungeon)

   [ring of see invisible]

   rF+:       It protects you from fire.
   rN++:      It greatly protects you from negative energy.
   SInv:      It lets you see invisible.
 j - the ring of Koizakef {Ice rN+ Will+ Dex+3}
   (You found it on level 14 of the Dungeon)

   [ring of ice]

   Ice:       It enhances your ice magic.
   Dex+3:     It affects your dexterity (+3).
   rF-:       It makes you vulnerable to fire.
   rC+:       It protects you from cold.
   rN+:       It protects you from negative energy.
   Will+:     It increases your willpower.
 n - a +5 ring of evasion
 t - the ring of Suifuast (left hand) {rC+ AC+4 Str+4 Dex+3}
   (You found it on level 9 of the Dungeon)

   [ring of protection]

   AC+4:      It affects your AC (+4).
   Str+4:     It affects your strength (+4).
   Dex+3:     It affects your dexterity (+3).
   rC+:       It protects you from cold.
 x - the amulet of Jagy {Faith Str+2 Int+5 Stlth-}
   (You found it in a treasure trove)

   [amulet of faith]

   Faith:     It allows you to gain divine favour quickly.
   Str+2:     It affects your strength (+2).
   Int+5:     It affects your intelligence (+5).
   Stlth-:    It makes you less stealthy.
 z - a +4 ring of slaying
 J - a ring of willpower
 L - the amulet of the Fabulous God (around neck) {rC+ Regen+ Int+3}
   (You found it in a treasure trove)

   [amulet of regeneration]

   Int+3:     It affects your intelligence (+3).
   rC+:       It protects you from cold.
   Regen+:    It increases your rate of health regeneration.
 R - a ring of resist corrosion
 W - the ring "Lorekur" {Fire rN++ Int+3}
   (You found it on level 3 of the Lair of Beasts)

   [ring of fire]

   Fire:      It enhances your fire magic.
   Int+3:     It affects your intelligence (+3).
   rF+:       It protects you from fire.
   rC-:       It makes you vulnerable to cold.
   rN++:      It greatly protects you from negative energy.
Talismans
 Y - a granite talisman
Wands
 k - a wand of paralysis (44)
 u - a wand of light (37)
 A - a wand of iceblast (27)
 G - a wand of digging (19)
 Z - a wand of mindburst (42)
Scrolls
 d - 9 scrolls of blinking
 g - 7 scrolls of poison
 q - 15 scrolls of teleportation
 r - 6 scrolls of fog
 w - 6 scrolls of enchant armour
 y - 5 scrolls of immolation
 B - 7 scrolls of vulnerability
 C - 24 scrolls of identify
 K - 3 scrolls of silence
 S - 7 scrolls of fear
 X - 2 scrolls of brand weapon
Potions
 e - 5 potions of invisibility
 f - 6 potions of might
 h - 5 potions of mutation
 l - 4 potions of resistance
 m - 20 potions of curing
 v - 5 potions of attraction
 E - 8 potions of brilliance
 T - 12 potions of heal wounds
 U - 4 potions of cancellation
 V - 12 potions of enlightenment
Miscellaneous
 c - a condenser vane
 D - a box of beasts
 F - a phantom mirror
 M - a lightning rod (4/4)


   Skills:
 + Level 17.9 Fighting
 + Level 19.5 Short Blades
 + Level 17.9 Long Blades
 + Level 17.9 Axes
 + Level 17.9 Maces & Flails
 + Level 17.9 Polearms
 + Level 17.9 Staves
 + Level 19.5 Ranged Weapons
 + Level 17.9 Throwing
 + Level 18.0 Armour
 + Level 18.0 Dodging
 + Level 22.8 Stealth
 + Level 20.0 Shields
 + Level 17.9 Unarmed Combat
 + Level 17.9 Spellcasting
 + Level 15.2 Conjurations
 + Level 19.6 Hexes
 + Level 15.2 Summonings
 + Level 15.2 Necromancy
 + Level 15.2 Translocations
 + Level 15.2 Transmutations
 + Level 15.2 Fire Magic
 + Level 15.2 Ice Magic
 + Level 15.2 Air Magic
 + Level 15.2 Earth Magic
 + Level 15.2 Poison Magic
 + Level 20.2 Invocations
 + Level 17.9 Evocations
 + Level 15.2 Shapeshifting


You had 5 spell levels left.
You knew the following spells:

 Your Spells              Type           Power      Damage    Failure   Level
a - Ozocubu's Armour      Ice            84%        N/A       1%          3
b - Plasma Beam           Fire/Air       42%        2x1d56    1%          6
c - Dispersal             Tloc           42%        N/A       1%          6
d - Freezing Cloud        Conj/Ice/Air   42%        6-21      1%          5
e - Enfeeble              Hex            47%        N/A       1%          7
f - Eringya's Noxious Bo  Tmut/Pois      42%        4d6       1%          6
g - Starburst             Conj/Fire      42%        6d12      1%          6
h - Dispel Undead         Necr           84%        3d27      1%          4
i - Irradiate             Conj/Tmut      42%        3d25      1%          5
j - Portal Projectile     Hex/Tloc       100%       N/A       0%          3
k - Silence               Hex/Air        44%        N/A       1%          5

Your spell library contained the following spells:

 Spells                   Type           Power      Damage    Failure   Level
 Foxfire                  Conj/Fire      100%       2x1d9     0%          1
 Magic Dart               Conj           100%       1d8       0%          1
 Necrotise                Necr           100%       1d9       0%          1
 Sandblast                Erth           100%       2d20      0%          1
 Shock                    Conj/Air       100%       1d9       0%          1
 Slow                     Hex            100%       N/A       0%          1
 Blink                    Tloc           100%       N/A       0%          2
 Call Imp                 Summ           100%       N/A       0%          2
 Lesser Beckoning         Tloc           100%       N/A       0%          2
 Momentum Strike          Conj/Tloc      100%       3d10      0%          2
 Passwall                 Tmut/Erth      70%        N/A       0%          2
 Poisonous Vapours        Pois/Air       100%       N/A       0%          2
 Scorch                   Fire           100%       2d9       0%          2
 Sublimation of Blood     Necr           84%        N/A       0%          2
 Wereblood                Tmut           84%        N/A       0%          2
 Confusing Touch          Hex            94%        N/A       0%          3
 Dazzling Flash           Conj/Hex       100%       N/A       0%          3
 Inner Flame              Hex/Fire       89%        N/A       0%          3
 Tukima's Dance           Hex            94%        N/A       0%          3
 Cause Fear               Hex            47%        N/A       0%          4
 Frozen Ramparts          Ice            100%       1d16      1%          3
 Gell's Gravitas          Tloc           84%        N/A       1%          3
 Mephitic Cloud           Conj/Pois/Air  84%        N/A       1%          3
 Stone Arrow              Conj/Erth      100%       3d13      1%          3
 Teleport Other           Tloc           84%        N/A       1%          3
 Vampiric Draining        Necr           84%        2d12      1%          3
 Airstrike                Air            42%        2d(6-22)  1%          4
 Anguish                  Hex/Necr       44%        N/A       1%          4
 Animate Armour           Summ/Erth      100%       N/A       1%          4
 Animate Dead             Necr           84%        N/A       1%          4
 Flame Wave               Conj/Fire      84%        2d18      1%          4
 Fulminant Prism          Conj/Hex       44%        3d19      1%          4
 Iskenderun's Mystic Bla  Conj/Tloc      84%        2d17      1%          4
 Passage of Golubria      Tloc           84%        N/A       1%          4
 Petrify                  Tmut/Erth      84%        N/A       1%          4
 Sticky Flame             Conj/Fire      84%        2d10      1%          4
 Summon Ice Beast         Ice/Summ       84%        N/A       1%          4
 Summon Lightning Spire   Summ/Air       84%        N/A       1%          4
 Agony                    Necr           84%        N/A       1%          5
 Fireball                 Conj/Fire      42%        3d17      1%          5
 Iskenderun's Battlesphe  Conj           84%        2d13      1%          5
 Lee's Rapid Deconstruct  Erth           42%        3d20*     1%          5
 Metabolic Englaciation   Hex/Ice        44%        N/A       1%          5
 Summon Forest            Summ/Tloc      42%        N/A       1%          5
 Summon Mana Viper        Hex/Summ       89%        N/A       1%          5
 Conjure Ball Lightning   Conj/Air       42%        3x3d15    1%          6
 Leda's Unmaking          Conj/Erth      42%        9d7       1%          6
 Simulacrum               Ice/Necr       42%        N/A       1%          6
 Summon Cactus Giant      Summ           42%        N/A       1%          6
 Monstrous Menagerie      Summ           42%        N/A       6%          7
 Orb of Destruction       Conj           42%        9d12      6%          7
 Ozocubu's Refrigeration  Ice            42%        4d16      6%          7
 Spellforged Servitor     Conj/Summ      42%        N/A       6%          7
 Summon Hydra             Summ           42%        N/A       6%          7
 Ignition                 Fire           42%        3d12      41%         8
 Lehudib's Crystal Spear  Conj/Erth      42%        10d10     41%         8
 Chain Lightning          Conj/Air       42%        3d56      100%        9
 Dragon's Call            Summ           42%        N/A       100%        9
 Fire Storm               Conj/Fire      42%        8d11      100%        9
 Shatter                  Erth           42%        3d33*     100%        9


Dungeon Overview and Level Annotations

Branches:
Dungeon (15/15)            Temple (1/1) D:6            Lair (5/5) D:11
  Swamp (4/4) Lair:2        Snake (4/4) Lair:3        Slime (0/5) Lair:4
    Orc (2/2) D:11            Elf (3/3) Orc:2        Vaults (4/5) D:14
  Crypt (0/3) Vaults:2     Depths (4/4) D:15            Zot (5/5) Depths:4
  Sewer (visited)         Ossuary (visited)           IceCv (visited)
Volcano (visited)

Altars:
Ashenzari
Cheibriados
Dithmenos
Elyvilon
Fedhas
Gozag
Hepliaklqana
Kikubaaqudgha
Makhleb
Nemelex Xobeh
Okawaru
Qazlal
Ru
Sif Muna
Trog
Uskayaw
Vehumet
Wu Jian
Xom
Yredelemnul
Zin
The Shining One
Jiyva

Shops:
D:4 (   D:12 :=(=?   D:14 =   Orc:1 (   Orc:2 [**?   Elf:1 :==   Snake:3 [
Vaults:2 [   Vaults:3 *!   Vaults:4 :   Depths:2 ?   Depths:3 *

Portals:
Hell: Depths:1 Depths:2 Depths:3 Depths:4
Abyss: Depths:3
Pandemonium: Depths:2 Depths:3
Ziggurat: Depths:3

Annotations:
D:5 2 runed translucent doors
D:9 1 exclusion
D:10 Fannar, Gastronok
Temple 2 transporters
Lair:4 exclusion: 2 downstairs
Orc:1 exclusion: downstairs
Vaults:3 1 runed translucent door, exclusion: downstairs, Kamets Paeg's ghost, master HuCj
Zot:5 exclusion: obsidian statue


Innate Abilities, Weirdness & Mutations

You have very sharp teeth.
Your uncanny sense of smell can sniff out nearby items.
Your experience applies equally to all skills.
You have a pair of small horns on your head.
You are partially covered in iridescent scales. (AC +2)
You are agile. (Dex +4, Str/Int -1)
Armour fits poorly on your strangely shaped body.
You passively map a small area around you.
You do not regenerate when monsters are visible.


Message History

A green death comes into view.
You shoot a bolt. The bolt hits the green death!!!
The bolt freezes the green death!!
You kill the green death!
Cheibriados thoroughly appreciates the change of pace.
What level of the Dungeon? (default 1, ? - help)
There is a stone staircase leading up here.
You climb upwards.
There is a stone staircase leading down here.
There is a stone staircase leading up here.
You climb upwards.
Level annotation: 2 runed translucent doors
There is a stone staircase leading down here.
There is a stone staircase leading up here.
You climb upwards.
There is a stone staircase leading down here.
An orc comes into view. It is wielding a +0 whip.
You shoot a bolt. The bolt closely misses the orc.
The orc shouts!
You shoot a bolt. The bolt hits the orc!
The bolt freezes the orc.
You kill the orc!
Cheibriados appreciates the change of pace.
What level of the Dungeon? (default 1, ? - help)
Things that are here:
a +0 whip; an orc corpse
There is a stone staircase leading up here.
You climb upwards.
There is a stone staircase leading down here.
There is a stone staircase leading up here.
You climb upwards.
There is a stone staircase leading down here.
There is a stone staircase leading up here.
You climb upwards.
There is a stone staircase leading down here.
No target in view!
Unknown command.
You enter the shallow water.
Moving in this stuff is going to be slow.
There is a staircase leading out of the dungeon here.
You have escaped!

#.###.##.# #.# ##'## #.# #.##.#
#.#### ##...## #.###.##.# #....#
##.....# # #.#.#..#.##
####.######.......
###....#...~♣♣♣♣♣♣♣♣♣~..#..†.....
+.........~~≈♣♣≈♣♣≈≈♣~~.'........
###....#.#♣≈~~~~~~~~~♣♣##........
# #.......♣♣~~~~~~~~~♣ ##.......
######.#♣≈~~~~@~~~~♣♣ ##.....#
#.#♣≈~~~~~~~~~≈♣ ##...##
#.#♣≈~~~~~~~~~≈♣# ##'##
######.#~~≈≈♣≈≈≈≈♣≈~~# #.#
#........~♣♣♣♣♣♣♣♣♣~.# #.#
#.##########.# #.##..# ##.## #
#.# #.# #.##.######...## ###.#
#.# #............... .##.# #.#
####.######...##


There were no monsters in sight!

Vanquished Creatures
  A dread lich (Zot:5)
  4 ancient liches (Zot:5)
  4 orbs of fire (Zot:5)
  Boris (twice) (Vaults:2 Depths:4)
  Sojobo (Depths:3)
  Bai Suzhen (Swamp:4)
  3 Killer Klowns (Zot:5)
  The ghost of Turgor the Skinwalker, a veteran TrSh of Ru (Depths:1)
  Saint Roka (Orc:2)
  The ghost of EvasionUseless the Invulnerable, a veteran GrHu of Cheibriados (Zot:3)
  5 golden dragons
  Nikola (Elf:3)
  2 electric golems (Zot:5)
  A hellephant (Depths:1)
  17 Orb Guardians (Zot:5)
  4 deep elf blademasters
  An Ice Fiend (Zot:1)
  A walking crystal tome (Depths:3)
  5 quicksilver dragons
  5 liches
  Asterion (Vaults:1)
  A walking divine tome (Depths:3)
  Mlioglotl (Snake:4)
  2 deep elf master archers (Elf:3)
  2 titans (Depths:3)
  14 tentacled monstrosities
  3 sphinxes
  11 death cobs
  2 thorn hunters
  4 shadow dragons
  An ancient champion (Vaults:2)
  Aizul (Swamp:4)
  6 tengu reavers
  Roxanne (Swamp:4)
  11 storm dragons
  2 draconian monks
  5 nagarajas
  9 draconian knights
  3 fire giants
  A fenstrider witch (Swamp:1)
  An iron dragon (Depths:3)
  6 draconian scorchers
  5 deep elf sorcerers
  9 vault wardens
  8 draconian stormcallers
  A balrug (Depths:2)
  5 draconian shifters
  5 frost giants
  4 ghost moths
  A ghoul (Swamp:1)
  5 deep elf elementalists (Elf:3)
  Louise (Snake:4)
  4 spriggan defenders
  5 draconian annihilators
  A formless jellyfish (Vaults:4)
  7 stone giants
  6 ironbound preservers
  14 very ugly things
  An eleionoma (Swamp:4)
  6 green draconians
  The ghost of Onasuila the Severer, a journeyman HOFi of Okawaru (D:14)
  6 deep elf demonologists (Elf:3)
  9 ironbound thunderhulks
  The ghost of zero the Geomancer, a journeyman GrEE of Vehumet (Lair:3)
  3 vampire knights
  A lorocyproca (Depths:3)
  The ghost of SuPeRPuSSyNoOTAB the Grappler, a journeyman TrWn of Wu Jian (D:12)
  3 deep elf annihilators
  4 black draconians
  8 bunyips
  8 purple draconians
  6 yellow draconians
  20 dire elephants
  13 spark wasps
  6 deep elf death magi
  15 red draconians
  10 white draconians
  A blizzard demon (D:8)
  3 ettins
  11 fire dragons
  A green death (D:7)
  7 great orbs of eyes
  Josephine (Swamp:1)
  10 yaktaur captains
  3 shambling mangroves
  A jiangshi (Vaults:2)
  An entropy weaver (Vaults:2)
  4 rakshasas
  2 deep elf high priests (Elf:3)
  20 hydras
  A merfolk avatar (Lair:5)
  3 ogre magi
  Harold (D:9)
  3 salamander tyrants
  6 vault guards
  Erolcha (D:10)
  A death knight (Vaults:2)
  4 anacondas
  11 ice dragons
  12 ironbound frosthearts
  5 spriggan air magi
  12 centaur warriors
  8 naga warriors
  9 boulder beetles
  15 two-headed ogres
  6 tengu warriors
  A two-headed ogre (shapeshifter) (Depths:1)
  8 alligators
  20 dancing weapons
  3 deep troll earth magi
  11 hell hogs (Depths:1)
  11 shock serpents
  2 vampire magi
  5 spriggan berserkers
  18 naga sharpshooters
  A shock serpent (shapeshifter) (Vaults:4)
  A soul eater (Depths:3)
  4 hell knights (Depths:4)
  12 deep elf knights
  2 iron trolls (Depths:3)
  4 skeletal warriors (D:15)
  Nergalle (D:10)
  2 salamander mystics
  5 goliath frogs
  A sixfirhy (Depths:2)
  A skyshark (Lair:3)
  2 death drakes
  4 spriggan druids
  Lodul (D:13)
  15 deep elf archers
  14 swamp dragons
  25 deep trolls
  4 bog bodies
  A glowing orange brain (Vaults:4)
  A sea snake (Lair:5)
  2 phantasmal warriors (Depths:2)
  7 naga ritualists
  Pikel (D:8)
  4 harpies (Vaults:1)
  A shadow demon (D:13)
  2 orange crystal statues
  9 wizards
  21 lindwurms
  18 deep elf zephyrmancers
  10 necromancers
  24 deep elf pyromancers
  36 ugly things
  2 will-o-the-wisps
  2 stone giant zombies
  3 worldbinders (Abyss:3)
  4 orc sorcerers
  9 ironbound convokers
  4 manticores
  10 cyclopes
  8 elephants
  10 mana vipers
  15 salamanders
  14 naga magi
  Joseph (D:7)
  53 black mambas
  17 vault sentinels
  2 rust devils
  27 moths of wrath
  An eye of devastation (shapeshifter) (D:15)
  8 guardian serpents
  A water nymph (Abyss:3)
  10 cane toads
  A smoke demon (D:9)
  Maggie (D:6)
  A frost giant skeleton (Depths:1)
  2 spriggan zombies (Depths:1)
  2 kobold demonologists (D:11)
  8 komodo dragons
  An unseen horror (D:12)
  A freezing wraith (D:14)
  18 yaktaurs
  13 rime drakes
  An efreet (D:12)
  Psyche (D:9)
  6 tengu conjurers
  An ice devil (Depths:3)
  3 hellwings
  14 trolls
  2 bloated husks (Swamp:3)
  16 polar bears
  A hornet (shapeshifter) (D:15)
  25 hornets
  An iron dragon simulacrum (Depths:1)
  9 tyrant leeches
  19 blink frogs
  A tarantella (shapeshifter) (Depths:4)
  4 dream sheep
  A snapping turtle (Lair:5)
  18 slime creatures
  A jumping spider (Vaults:2)
  3 air elementals
  A frost giant simulacrum (Depths:1)
  A centaur simulacrum (D:15)
  16 spriggans
  12 wraiths
  A culicivora (Vaults:2)
  Sigmund (D:2)
  3 vampires
  A ynoxinul (Depths:3)
  2 spriggan skeletons (Depths:1)
  3 basilisks
  57 yaks
  3 fire bats (Orc:1)
  9 water elementals
  4 humans (D:6)
  3 large abominations (Elf:1)
  10 wyverns
  9 fire elementals
  2 neqoxecs (Depths:2)
  3 death yak simulacra (Lair:3)
  A chaos spawn (Depths:3)
  3 steam dragons (D:9)
  Grum (D:9)
  4 vampire mosquitoes (D:10)
  Menkaure (D:6)
  3 wargs
  46 nagas
  3 acid dragons
  An acid dragon (shapeshifter) (D:15)
  15 swamp worms
  10 water moccasins
  16 orc warriors
  A glowing shapeshifter skeleton (Vaults:1)
  2 black bears
  A sky beast (D:7)
  9 swamp drakes
  26 ogres
  2 ice beasts
  24 wolves
  20 centaurs
  2 boggarts (Vaults:1)
  A phantom (D:4)
  2 lemures (D:8)
  3 human skeletons
  6 elf zombies
  5 kobold brigands
  2 human zombies
  11 bullfrogs
  4 necrophages (Lair:4)
  2 scorpions (D:5)
  5 earth elementals
  8 wights
  A blink frog simulacrum (Lair:3)
  A dream sheep simulacrum (Lair:3)
  10 killer bees
  7 electric eels
  A howler monkey (D:11)
  A centaur zombie (Ossuary)
  6 hounds
  8 jellies
  A gnoll bouda (D:6)
  16 orc priests
  Jessica (D:2)
  A sleepcap (D:7)
  Terence (D:3)
  Natasha (thrice) (D:3)
  An iguana (D:7)
  18 orc wizards
  Robin (D:4)
  7 gnolls
  10 adders
  2 river rats (D:4)
  A shadow imp (D:7)
  An ufetubus (D:4)
  3 worms
  5 dart slugs
  79 orcs
  21 endoplasms
  10 giant cockroaches
  14 goblins
  11 hobgoblins
  4 jackals (D:4)
  7 quokkas
  3 training dummies (D:4)
  18 ball pythons
  3 ball python skeletons (Ossuary)
  7 bats
  15 frilled lizards
  2 hobgoblin skeletons (Ossuary)
  A hobgoblin zombie (Ossuary)
  32 kobolds
  A kobold zombie (Ossuary)
  An orc zombie (Ossuary)
  5 rats
  2 foxfires (Swamp:3)
  2 spectral weapons
1932 creatures vanquished.

Vanquished Creatures (collateral kills)
  3 orbs of fire (Zot:5)
  A Killer Klown (Zot:5)
  A tentacled monstrosity (Zot:5)
  8 Orb Guardians (Zot:5)
  A deep elf blademaster (Elf:3)
  A deep elf sorcerer (Elf:3)
  A purple draconian (Zot:5)
  A red draconian (Volcano)
  2 deep elf death magi (Elf:3)
  A shambling mangrove (Abyss:3)
  A two-headed ogre (Orc:2)
  An ugly thing (D:15)
  2 hornets (Abyss:3)
  A blink frog (Lair:5)
  A wyvern (Lair:5)
  3 ogres (Orc:2)
  A quasit (Abyss:3)
  An orc (Orc:2)
31 creatures vanquished.

Vanquished Creatures (others)
  A draconian knight (Zot:2)
  A deep elf knight (Elf:2)
  A death drake (Swamp:1)
  An orange crystal statue (Swamp:1)
  A moth of wrath (Zot:4)
  A polar bear (IceCv)
6 creatures vanquished.

Grand Total: 1969 creatures vanquished

Notes
Turn   | Place    | Note
-------+----------+-------------------------------------------
     0 | D:1      | motkurizz the Gnoll Wanderer began the quest for the Orb.
     0 | D:1      | motkurizz set off with the following items: a +2 sling, a
                  | +0 short sword, a +0 pair of gloves, a scroll of blinking,
                  | a +0 leather armour.
     0 | D:1      | Reached XP level 1. HP: 13/13 MP: 1/1
   208 | D:1      | Reached XP level 2. HP: 19/19 MP: 2/2
   604 | D:1      | Reached XP level 3. HP: 25/25 MP: 3/3
   799 | D:1      | Reached skill level 1 in Invocations
  1227 | D:2      | Reached skill level 1 in Fighting
  1227 | D:2      | Reached skill level 1 in Long Blades
  1227 | D:2      | Reached skill level 1 in Axes
  1227 | D:2      | Reached skill level 1 in Maces & Flails
  1227 | D:2      | Reached skill level 1 in Polearms
  1227 | D:2      | Reached skill level 1 in Staves
  1227 | D:2      | Reached skill level 1 in Throwing
  1227 | D:2      | Reached skill level 1 in Stealth
  1227 | D:2      | Reached skill level 1 in Shields
  1227 | D:2      | Reached skill level 1 in Unarmed Combat
  1227 | D:2      | Reached skill level 1 in Spellcasting
  1227 | D:2      | Reached skill level 1 in Evocations
  1242 | D:2      | Reached XP level 4. HP: 32/32 MP: 5/5
  1260 | D:2      | Noticed Jessica
  1272 | D:2      | Killed Jessica
  1273 | D:2      | Reached skill level 1 in Conjurations
  1273 | D:2      | Reached skill level 1 in Hexes
  1273 | D:2      | Reached skill level 1 in Summonings
  1273 | D:2      | Reached skill level 1 in Necromancy
  1273 | D:2      | Reached skill level 1 in Translocations
  1273 | D:2      | Reached skill level 1 in Transmutations
  1273 | D:2      | Reached skill level 1 in Fire Magic
  1273 | D:2      | Reached skill level 1 in Ice Magic
  1273 | D:2      | Reached skill level 1 in Air Magic
  1273 | D:2      | Reached skill level 1 in Earth Magic
  1273 | D:2      | Reached skill level 1 in Poison Magic
  1273 | D:2      | Reached skill level 1 in Shapeshifting
  1314 | D:2      | Noticed Sigmund
  1765 | D:3      | Noticed Natasha
  1770 | D:3      | Killed Natasha
  1771 | D:3      | Reached XP level 5. HP: 32/37 MP: 5/7
  1879 | D:3      | Noticed Natasha
  1887 | D:3      | Killed Natasha
  1961 | D:3      | Found a faded altar of an unknown god.
  1989 | D:3      | Noticed Terence
  2005 | D:3      | Killed Terence
  2185 | D:3      | Noticed Natasha
  2190 | D:3      | Killed Natasha
  2191 | D:3      | Reached XP level 6. HP: 44/44 MP: 8/8
  2459 | D:4      | Found Plog's Firing Range.
  2462 | D:4      | Bought a +1 hand crossbow of freezing for 133 gold pieces
  2462 | D:4      | Bought a +0 orcbow for 35 gold pieces
  2630 | D:4      | Found a glowing drain.
  2645 | Sewer    | Entered a sewer
  2735 | Sewer    | Reached skill level 2 in Stealth
  3026 | Sewer    | Reached XP level 7. HP: 45/51 MP: 10/10
  3196 | D:4      | Noticed Robin
  3220 | D:4      | Killed Robin
  3415 | D:4      | Found a bloodstained altar of Trog.
  3942 | D:5      | Entered Level 5 of the Dungeon
  3959 | D:5      | Found a runed translucent door.
  4043 | D:5      | Reached XP level 8. HP: 57/57 MP: 12/12
  4097 | D:5      | Learned a level 1 spell: Necrotise
  4104 | D:5      | Reached skill level 3 in Stealth
  4321 | D:5      | Found a runed translucent door.
  4355 | D:5      | Found an ancient bone altar of Kikubaaqudgha.
  4755 | D:6      | Noticed Maggie
  4775 | D:6      | HP: 2/50 [Maggie/bolt of fire (25)]
  4783 | D:6      | Killed Maggie
  5070 | D:6      | Reached XP level 9. HP: 65/65 MP: 14/14
  5072 | D:6      | Reached skill level 4 in Stealth
  5161 | D:6      | Reached skill level 5 in Armour
  5161 | D:6      | Reached skill level 5 in Dodging
  5193 | D:6      | Found a sand-covered staircase.
  5200 | Ossuary  | Entered an ossuary
  5654 | D:6      | Learned a level 2 spell: Call Imp
  5658 | D:6      | Learned a level 3 spell: Mephitic Cloud
  5664 | D:6      | Learned a level 5 spell: Agony
  5674 | D:6      | Reached skill level 5 in Invocations
  5800 | D:6      | Found a blossoming altar of Fedhas.
  5973 | D:6      | Found a sparkling altar of Nemelex Xobeh.
  6064 | D:6      | Noticed Menkaure
  6066 | D:6      | Killed Menkaure
  6418 | D:6      | Identified a scroll of acquirement
  6419 | D:6      | Acquired an amulet of reflection
  6761 | D:6      | Found a staircase to the Ecumenical Temple.
  6767 | Temple   | Found a transporter.
  6767 | Temple   | Found a transporter.
  6767 | Temple   | Found a transporter.
  6767 | Temple   | Found a transporter.
  6767 | Temple   | Entered the Ecumenical Temple
  6780 | Temple   | Became a worshipper of Cheibriados the Contemplative
  7020 | D:2      | Killed Sigmund
  7157 | D:5      | Learned a level 3 spell: Vampiric Draining
  7241 | D:7      | Reached XP level 10. HP: 73/73 MP: 17/17
  7282 | D:7      | Reached skill level 5 in Fighting
  7282 | D:7      | Reached skill level 5 in Long Blades
  7282 | D:7      | Reached skill level 5 in Axes
  7282 | D:7      | Reached skill level 5 in Maces & Flails
  7282 | D:7      | Reached skill level 5 in Polearms
  7282 | D:7      | Reached skill level 5 in Staves
  7282 | D:7      | Reached skill level 5 in Throwing
  7282 | D:7      | Reached skill level 5 in Stealth
  7282 | D:7      | Reached skill level 5 in Shields
  7282 | D:7      | Reached skill level 5 in Unarmed Combat
  7282 | D:7      | Reached skill level 5 in Spellcasting
  7282 | D:7      | Reached skill level 5 in Evocations
  7292 | D:7      | Reached skill level 10 in Short Blades
  7292 | D:7      | Reached skill level 10 in Ranged Weapons
  7323 | D:7      | Reached * piety under Cheibriados
  7807 | D:7      | Noticed Joseph
  7812 | D:7      | Killed Joseph
  8212 | D:8      | Reached ** piety under Cheibriados
  8246 | D:8      | Noticed Pikel
  8266 | D:8      | Killed Pikel
  8431 | D:8      | Reached XP level 11. HP: 81/81 MP: 19/19
  8446 | D:8      | Reached skill level 6 in Stealth
  8554 | D:8      | Reached skill level 5 in Conjurations
  8554 | D:8      | Reached skill level 5 in Hexes
  8554 | D:8      | Reached skill level 5 in Summonings
  8554 | D:8      | Reached skill level 5 in Necromancy
  8554 | D:8      | Reached skill level 5 in Translocations
  8554 | D:8      | Reached skill level 5 in Transmutations
  8554 | D:8      | Reached skill level 5 in Fire Magic
  8554 | D:8      | Reached skill level 5 in Ice Magic
  8554 | D:8      | Reached skill level 5 in Air Magic
  8554 | D:8      | Reached skill level 5 in Earth Magic
  8554 | D:8      | Reached skill level 5 in Poison Magic
  8554 | D:8      | Reached skill level 5 in Shapeshifting
  8697 | D:8      | Found a sacrificial altar of Ru.
  8851 | D:9      | Reached *** piety under Cheibriados
  9094 | D:9      | Identified the ring of Suifuast {rC+ AC+4 Str+4 Dex+3}
  9148 | D:9      | Noticed Harold
  9159 | D:9      | Killed Harold
  9205 | D:9      | Noticed a deep elf pyromancer
  9208 | D:9      | Killed a deep elf pyromancer
  9290 | D:9      | Noticed Psyche
  9298 | D:9      | Killed Psyche
  9357 | D:9      | Noticed Grum
  9366 | D:9      | Killed Grum
  9687 | D:10     | Entered Level 10 of the Dungeon
  9703 | D:10     | Noticed Gastronok
  9709 | D:10     | Noticed a centaur warrior
  9720 | D:10     | Killed a centaur warrior
  9725 | D:10     | Reached **** piety under Cheibriados
  9876 | D:10     | Noticed a manticore
  9885 | D:10     | Killed a manticore
  9908 | D:10     | Noticed Erolcha
  9912 | D:10     | Killed Erolcha
  9934 | D:10     | Noticed Fannar
 10054 | D:10     | Noticed Nergalle
 10058 | D:10     | Killed Nergalle
 10601 | D:11     | Noticed a two-headed ogre
 10621 | D:11     | Killed a two-headed ogre
 10622 | D:11     | Reached skill level 7 in Stealth
 10622 | D:11     | Reached XP level 12. HP: 81/91 MP: 16/22
 10795 | D:11     | Found a staircase to the Lair.
 10825 | D:11     | Reached ***** piety under Cheibriados
 10884 | D:11     | Noticed a two-headed ogre
 10888 | D:11     | Killed a two-headed ogre
 11303 | D:11     | Found a staircase to the Orcish Mines.
 11399 | Lair:1   | Entered Level 1 of the Lair of Beasts
 12588 | Lair:2   | Reached skill level 8 in Stealth
 12588 | Lair:2   | Reached XP level 13. HP: 98/98 MP: 23/25
 12739 | Lair:2   | Reached ****** piety under Cheibriados
 12851 | Lair:2   | Found a staircase to the Swamp.
 13853 | Lair:3   | Found a runed translucent gate.
 13855 | Lair:3   | Found a runed translucent gate.
 13856 | Lair:3   | Found a runed translucent gate.
 13884 | Lair:3   | Noticed zero's ghost (journeyman GrEE)
 13927 | Lair:3   | You fall into a shaft and drop 1 floor!
 13983 | Lair:4   | Found a staircase to the Slime Pits.
 13983 | Lair:4   | Found a viscous altar of Jiyva.
 14937 | Lair:5   | Entered Level 5 of the Lair of Beasts
 15237 | Lair:5   | Reached skill level 9 in Stealth
 15237 | Lair:5   | Reached XP level 14. HP: 108/108 MP: 25/27
 15326 | Lair:5   | Reached skill level 10 in Invocations
 15371 | Lair:5   | Found the +7 captain's cutlass {speed, disarm}
 16180 | Lair:5   | Identified the +2 pair of gloves "Nemola" {rN++ MP+9 Dex+3}
 16457 | Lair:3   | Found a staircase to the Snake Pit.
 16648 | Lair:3   | Killed zero's ghost
 16763 | Lair:3   | Got the ring "Lorekur" {Fire rN++ Int+3}
 16895 | Orc:1    | Entered Level 1 of the Orcish Mines
 16895 | Orc:1    | Found Onym's Weapon Boutique.
 17015 | Orc:1    | Reached skill level 10 in Armour
 17015 | Orc:1    | Reached skill level 10 in Dodging
 17021 | Orc:1    | Found a dark tunnel.
 17032 | Volcano  | Entered a volcano
 17054 | Volcano  | Found a bloodstained altar of Trog.
 17065 | Volcano  | Noticed a red draconian
 17074 | Volcano  | Killed a red draconian
 17349 | Orc:2    | Entered Level 2 of the Orcish Mines
 17349 | Orc:2    | Found a staircase to the Elven Halls.
 17390 | Orc:2    | Paralysed by something for 2 turns
 17394 | Orc:2    | Reached skill level 10 in Stealth
 17811 | Orc:2    | Reached XP level 15. HP: 113/115 MP: 28/28
 17916 | Orc:2    | Reached skill level 10 in Fighting
 17916 | Orc:2    | Reached skill level 10 in Long Blades
 17916 | Orc:2    | Reached skill level 10 in Axes
 17916 | Orc:2    | Reached skill level 10 in Maces & Flails
 17916 | Orc:2    | Reached skill level 10 in Polearms
 17916 | Orc:2    | Reached skill level 10 in Staves
 17916 | Orc:2    | Reached skill level 10 in Throwing
 17916 | Orc:2    | Reached skill level 10 in Shields
 17916 | Orc:2    | Reached skill level 10 in Unarmed Combat
 17916 | Orc:2    | Reached skill level 10 in Spellcasting
 17916 | Orc:2    | Reached skill level 10 in Evocations
 17947 | Orc:2    | Found Daokaac's Antique Armour Boutique.
 17955 | Orc:2    | Found Rupoiwn's General Store.
 17989 | Orc:2    | Found Emych's Assorted Antiques.
 17990 | Orc:2    | Found Sotisihu's Magic Scroll Shoppe.
 18019 | Orc:2    | Bought a scroll of summoning for 114 gold pieces
 18019 | Orc:2    | Bought a scroll of enchant armour for 90 gold pieces
 18074 | Orc:2    | Bought a scroll of blinking for 90 gold pieces
 18074 | Orc:2    | Bought a scroll of enchant weapon for 90 gold pieces
 18074 | Orc:2    | Bought a scroll of blinking for 90 gold pieces
 18074 | Orc:2    | Bought a scroll of fog for 48 gold pieces
 18074 | Orc:2    | Bought a scroll of fog for 48 gold pieces
 18074 | Orc:2    | Bought a scroll of identify for 24 gold pieces
 18074 | Orc:2    | Bought a scroll of enchant armour for 90 gold pieces
 18081 | Orc:2    | Bought a bloodstained scale mail for 216 gold pieces
 18081 | Orc:2    | Identified the +1 scale mail "Liessesa" {rElec rF- rCorr
                  | Str-3} (You bought it in a shop on level 2 of the Orcish
                  | Mines)
 18094 | Orc:2    | Noticed Saint Roka
 18136 | Orc:2    | Killed Saint Roka
 18507 | Orc:2    | Bought a scroll of teleportation for 36 gold pieces
 18644 | D:12     | Found Puebeur's Antique Weapon Boutique.
 18651 | D:12     | Bought a smouldering quick blade for 760 gold pieces
 18651 | D:12     | Identified the +4 quick blade "Guihosori" {heavy, *Slow
                  | +Blink Will+} (You bought it in a shop on level 12 of the
                  | Dungeon)
 18657 | D:12     | Reached skill level 11 in Stealth
 18665 | D:12     | Found Xeuc's Jewellery Shoppe.
 18950 | D:12     | Found Cuarol's Magic Scroll Emporium.
 18956 | D:12     | Bought a scroll of identify for 32 gold pieces
 18956 | D:12     | Bought a scroll of identify for 32 gold pieces
 18977 | D:12     | Found Rerghel's Jewellery Shop.
 19265 | D:12     | Found a runed translucent door.
 19267 | D:12     | Noticed SuPeRPuSSyNoOTAB's ghost (journeyman TrWn)
 19275 | D:12     | Found Qas Igh's Tiny Tomes.
 19427 | D:12     | Killed SuPeRPuSSyNoOTAB's ghost
 19435 | D:12     | Identified the amulet "Adeddoshogg" {RegenMP -Tele Harm rC+
                  | rCorr}
 20046 | D:13     | Noticed Lodul
 20052 | D:13     | Killed Lodul
 20495 | D:14     | Found Qahatiy's Jewellery Emporium.
 20523 | D:14     | Found a broken altar of Ashenzari.
 20592 | D:14     | Found a runed translucent door.
 20592 | D:14     | Noticed Onasuila's ghost (journeyman HOFi)
 20637 | D:14     | Found a gate to the Vaults.
 21116 | D:14     | Killed Onasuila's ghost
 21119 | D:14     | Got the Almanac of Fascination
 21123 | D:14     | Identified the ring of Koizakef {Ice rN+ Will+ Dex+3}
 21162 | D:15     | Entered Level 15 of the Dungeon
 21299 | D:12     | Bought the ring of the Ban {rF+ rN++ SInv} for 474 gold
                  | pieces
 21406 | D:15     | Reached skill level 10 in Hexes
 21406 | D:15     | Reached XP level 16. HP: 115/124 MP: 30/30
 21493 | D:15     | Found a white marble altar of Elyvilon.
 21494 | D:15     | Found a glowing silver altar of Zin.
 21496 | D:15     | Found a glowing golden altar of the Shining One.
 21524 | D:15     | Reached skill level 12 in Stealth
 21627 | D:15     | Found a staircase to the Depths.
 22006 | D:15     | Identified the +3 leather armour of Baldness {Str+3 Int+3
                  | Stlth-}
 22200 | D:12     | Bought a ring of poison resistance for 240 gold pieces
 22355 | Swamp:1  | Entered Level 1 of the Swamp
 22355 | Swamp:1  | Noticed a fenstrider witch
 22355 | Swamp:1  | Found a transporter.
 22379 | Swamp:1  | Noticed Josephine
 22381 | Swamp:1  | Killed Josephine
 22461 | Swamp:1  | Found a transporter.
 22498 | Swamp:1  | Noticed a thorn hunter
 22872 | Swamp:1  | Learned a level 6 spell: Starburst
 23427 | Swamp:2  | Reached skill level 13 in Stealth
 23646 | Swamp:3  | Reached XP level 17. HP: 104/131 MP: 28/32
 24155 | Swamp:4  | Entered Level 4 of the Swamp
 24155 | Swamp:4  | Noticed Bai Suzhen
 24165 | Swamp:4  | Killed Bai Suzhen
 24369 | Swamp:4  | Reached skill level 10 in Conjurations
 24369 | Swamp:4  | Reached skill level 10 in Summonings
 24369 | Swamp:4  | Reached skill level 10 in Necromancy
 24369 | Swamp:4  | Reached skill level 10 in Translocations
 24369 | Swamp:4  | Reached skill level 10 in Transmutations
 24369 | Swamp:4  | Reached skill level 10 in Fire Magic
 24369 | Swamp:4  | Reached skill level 10 in Ice Magic
 24369 | Swamp:4  | Reached skill level 10 in Air Magic
 24369 | Swamp:4  | Reached skill level 10 in Earth Magic
 24369 | Swamp:4  | Reached skill level 10 in Poison Magic
 24369 | Swamp:4  | Reached skill level 10 in Shapeshifting
 24583 | Swamp:4  | Learned a level 6 spell: Eringya's Noxious Bog
 24634 | Swamp:4  | Noticed Aizul
 24643 | Swamp:4  | Killed Aizul
 24748 | Swamp:4  | Got a decaying rune of Zot
 24764 | Swamp:4  | Noticed Roxanne
 24777 | Swamp:4  | Reached skill level 14 in Stealth
 24778 | Swamp:4  | Killed Roxanne
 25196 | Swamp:1  | Identified the +0 hat "Wisicsov" {rC+ Int+4 Slay-3}
 25373 | Snake:1  | Entered Level 1 of the Snake Pit
 25572 | Snake:1  | Learned a level 3 spell: Ozocubu's Armour
 25807 | Snake:1  | Reached XP level 18. HP: 140/140 MP: 34/34
 26020 | Snake:2  | Found a frozen archway.
 26034 | Snake:2  | Found an ancient bone altar of Kikubaaqudgha.
 26046 | IceCv    | Entered an ice cave
 26683 | IceCv    | Reached skill level 15 in Stealth
 26685 | IceCv    | Reached skill level 15 in Short Blades
 26685 | IceCv    | Reached skill level 15 in Ranged Weapons
 27256 | Snake:2  | Found a hide-covered altar of Uskayaw.
 28458 | Snake:3  | Found Garshasp's Dragon-Slaying Spoils.
 28681 | Snake:3  | Found a burning altar of Makhleb.
 28864 | Snake:3  | Reached XP level 19. HP: 149/149 MP: 36/36
 28942 | Snake:3  | Identified the staff of Articulation {rF+ rN+ Will- Dex+7
                  | Necro}
 28976 | Snake:3  | Identified the +0 helmet of Classification {Str+5}
 29302 | Snake:4  | Entered Level 4 of the Snake Pit
 29309 | Snake:4  | Found a runed translucent door.
 29706 | Snake:4  | Noticed Louise
 29711 | Abyss:3  | Cast into level 3 of the Abyss (Louise)
 29758 | Abyss:3  | Reached skill level 16 in Stealth
 29783 | Abyss:3  | Got an abyssal rune of Zot
 29790 | Snake:4  | Escaped the Abyss
 29794 | Snake:4  | Killed Louise
 30644 | Snake:4  | Noticed Mlioglotl
 30651 | Snake:4  | Noticed a bone dragon
 30654 | Snake:4  | Killed Mlioglotl
 30759 | Snake:4  | Got a serpentine rune of Zot
 31022 | Elf:1    | Entered Level 1 of the Elven Halls
 31283 | Elf:1    | Got Kikubaaqudgha's Papyrus of Shades
 31289 | Elf:1    | Learned a level 4 spell: Dispel Undead
 31864 | Elf:1    | Reached XP level 20. HP: 158/158 MP: 24/37
 32100 | Elf:1    | Learned a level 5 spell: Irradiate
 32222 | Elf:1    | Found Toebaez's Book Shop.
 32222 | Elf:1    | Found Plog's Jewellery Emporium.
 32223 | Elf:1    | Found Cuasab's Jewellery Emporium.
 32319 | Elf:2    | Identified the ring "Zowibugh" {Fire rN++}
 32638 | Elf:2    | Found an ancient bone altar of Kikubaaqudgha.
 32714 | Elf:2    | Found a huge runed translucent gate.
 32714 | Elf:2    | Found a huge runed translucent gate.
 32714 | Elf:2    | Found a huge runed translucent gate.
 32951 | Elf:2    | Found a huge runed translucent gate.
 32952 | Elf:2    | Found a huge runed translucent gate.
 32968 | Elf:2    | Reached skill level 15 in Invocations
 33200 | Elf:2    | Reached skill level 17 in Stealth
 33864 | Elf:3    | Entered Level 3 of the Elven Halls
 34091 | Elf:3    | Learned a level 3 spell: Portal Projectile
 34270 | Elf:3    | Noticed Nikola
 34281 | Elf:3    | Killed Nikola
 34692 | Elf:3    | Identified the +2 demon blade "Ubeiw" {elec, *Rage rCorr
                  | Dex-5 Stlth+}
 35048 | Elf:3    | Found the +4 robe of Folly {Brill Will-∞ Int+8}
 35058 | Elf:3    | Reached skill level 15 in Hexes
 35083 | Elf:3    | Identified the staff of the Cup {*Corrode rElec rN+ Dex+3
                  | Necro}
 35088 | Elf:3    | Identified the +5 rapier of the Arena {elec, rN+}
 35090 | Elf:3    | Identified the +5 chain mail "Hecrueph" {rElec rN+ Dex-3}
 35102 | Elf:3    | Got the Catalogue of Ozone
 35103 | Elf:3    | Identified the +3 long sword of the World {heavy, rElec
                  | SInv}
 35111 | Elf:3    | Identified the +5 orcbow of the Tortured God {drain, rC-
                  | Str+4 Int+8}
 35112 | Elf:3    | Identified the +3 scale mail of the Distant Future {Str-3
                  | Int+5 Dex+4}
 35113 | Elf:3    | Identified the +9 scimitar of Contumacious Innocence
                  | {flame, *Noise +Blink Str+6 Dex+2}
 35115 | Elf:3    | Identified the +5 mace of Araengoq {freeze, SInv}
 35202 | Elf:3    | Identified the +5 rapier "Vuox" {freeze, MP+9 Int-2 Dex+3}
 35549 | Vaults:1 | Entered Level 1 of the Vaults
 35871 | Vaults:1 | Noticed Asterion
 35882 | Vaults:1 | Killed Asterion
 35883 | Vaults:1 | Reached XP level 21. HP: 144/166 MP: 35/39
 36423 | Vaults:1 | Reached skill level 18 in Stealth
 37001 | Vaults:2 | Found Kemoar's Armour Shop.
 37223 | Vaults:2 | Noticed Boris
 37232 | Vaults:2 | Killed Boris
 37243 | Vaults:2 | Reached skill level 15 in Armour
 37243 | Vaults:2 | Reached skill level 15 in Dodging
 37467 | Vaults:2 | Found a staircase to the Crypt.
 38170 | Vaults:3 | Found a runed translucent door.
 38172 | Vaults:3 | Noticed Kamets Paeg's ghost (master HuCj)
 38205 | Vaults:3 | Found Sochosir's Distillery.
 38222 | Vaults:3 | Bought a potion of heal wounds for 100 gold pieces
 38222 | Vaults:3 | Bought a potion of cancellation for 160 gold pieces
 38357 | Vaults:3 | Paralysed by a great orb of eyes for 5 turns
 38366 | Vaults:3 | Paralysed by a great orb of eyes for 4 turns
 38466 | Vaults:3 | Found Meetey's General Store.
 38474 | Vaults:3 | Bought a scroll of enchant armour for 105 gold pieces
 38549 | Vaults:3 | Reached skill level 15 in Fighting
 38549 | Vaults:3 | Reached skill level 15 in Long Blades
 38549 | Vaults:3 | Reached skill level 15 in Axes
 38549 | Vaults:3 | Reached skill level 15 in Maces & Flails
 38549 | Vaults:3 | Reached skill level 15 in Polearms
 38549 | Vaults:3 | Reached skill level 15 in Staves
 38549 | Vaults:3 | Reached skill level 15 in Throwing
 38549 | Vaults:3 | Reached skill level 15 in Shields
 38549 | Vaults:3 | Reached skill level 15 in Unarmed Combat
 38549 | Vaults:3 | Reached skill level 15 in Spellcasting
 38549 | Vaults:3 | Reached skill level 15 in Evocations
 39029 | Vaults:4 | Reached XP level 22. HP: 175/175 MP: 41/41
 39217 | Vaults:4 | Reached skill level 19 in Stealth
 39661 | Vaults:4 | Found Nirago's Book Emporium.
 39676 | Vaults:4 | Bought a manual of Shields for 1760 gold pieces
 39911 | Vaults:4 | Found a portal to a secret trove of treasure.
 40089 | Depths:1 | Entered Level 1 of the Depths
 40410 | Depths:1 | Learned a level 6 spell: Plasma Beam
 40645 | Depths:1 | Identified the +0 scale mail of Fyrph {Int+3}
 40848 | Depths:1 | Found a gateway to Hell.
 40992 | Depths:1 | Found a runed translucent door.
 40999 | Depths:1 | Learned a level 5 spell: Silence
 41000 | Depths:1 | Noticed Turgor's ghost (veteran TrSh)
 41164 | Depths:1 | Killed Turgor's ghost
 41194 | Depths:1 | Identified the +0 buckler of Untoruur {Will+ Stlth+}
 41549 | Depths:2 | Gained mutation: You expend magic power (3 MP) to
                  | strengthen your wands. [a neqoxec]
 41762 | Depths:2 | Identified the +5 chain mail of the Robin {Regen+}
 41783 | Depths:2 | Found Guc Goasuse's Magic Scroll Shoppe.
 41842 | Depths:2 | Reached XP level 23. HP: 183/183 MP: 42/42
 41960 | Depths:2 | Found a one-way gate leading to the halls of Pandemonium.
 42193 | Depths:3 | Found a one-way gateway to a ziggurat.
 42207 | Depths:3 | Found Biteyl's Assorted Antiques.
 42438 | Depths:3 | Reached skill level 20 in Stealth
 42463 | Depths:3 | Found a one-way gate to the infinite horrors of the Abyss.
 42747 | Depths:3 | Got the Thoughts on the Missiles
 42800 | Depths:3 | Noticed Sojobo
 42813 | Depths:3 | Killed Sojobo
 42821 | Depths:3 | Paralysed by a sphinx for 5 turns
 42844 | Depths:3 | Identified the +0 short sword of Vaju {flame, Int+3}
 43305 | Depths:4 | Entered Level 4 of the Depths
 43350 | Depths:4 | Learned a level 5 spell: Freezing Cloud
 43358 | Depths:4 | Found a white marble altar of Elyvilon.
 43500 | Depths:4 | Noticed Boris
 43518 | Depths:4 | Killed Boris
 43561 | Depths:4 | Noticed a golden dragon
 43566 | Depths:4 | Killed a golden dragon
 43628 | Depths:4 | Found a gate to the Realm of Zot.
 43873 | Depths:4 | Found a sacrificial altar of Ru.
 43992 | Zot:1    | Entered Level 1 of the Realm of Zot
 44160 | Zot:1    | Reached XP level 24. HP: 168/192 MP: 43/43
 44294 | Zot:1    | Learned a level 6 spell: Dispersal
 45898 | Vaults:4 | You paid a toll of +4 shadow dragon scales to enter a
                  | treasure trove
 45899 | Trove    | Entered a treasure trove
 45918 | Trove    | Identified the +3 chain mail "Mewihir" {rN++ Int-3 Dex+3}
 45920 | Trove    | Identified the +0 hat of Toanabed {rF+}
 45939 | Trove    | Identified the amulet of Jagy {Faith Str+2 Int+5 Stlth-}
 45941 | Trove    | Identified the amulet of the Fabulous God {rC+ Regen+
                  | Int+3}
 45965 | Trove    | Reached skill level 21 in Stealth
 45965 | Trove    | Reached XP level 25. HP: 199/199 MP: 43/43
 45968 | Trove    | Reached XP level 26. HP: 206/206 MP: 43/43
 46802 | Zot:3    | You fall into a shaft and drop 1 floor!
 47035 | Zot:3    | Found a runed translucent door.
 47035 | Zot:3    | Noticed EvasionUseless's ghost (veteran GrHu)
 47670 | Zot:3    | Found a stormy altar of Qazlal.
 47684 | Zot:3    | Got the Compendium of Fire and Brimstone
 47693 | Zot:3    | Got the Catalogue of the Zealot
 47981 | Zot:3    | Killed EvasionUseless's ghost
 48964 | Zot:4    | Reached XP level 27. HP: 210/215 MP: 15/44
 49235 | Zot:5    | Entered Level 5 of the Realm of Zot
 49248 | Zot:5    | Reached skill level 22 in Stealth
 49882 | Zot:4    | Identified the +0 helmet of Udwirgh {rF+++ rN+ Will-}
 50353 | Snake:3  | Bought the quicksilver dragon scales "Quoceteim" {rPois
                  | Will+ Dex+3} for 1085 gold pieces
 50594 | Orc:2    | Bought a pair of runed gloves for 195 gold pieces
 51388 | D:12     | Learned a level 7 spell: Enfeeble
 51846 | Zot:5    | Noticed a dread lich
 51853 | Zot:5    | Killed a dread lich
 51853 | Zot:5    | Noticed an orb of fire
 51853 | Zot:5    | Gained mutation: You are partially covered in iridescent
                  | scales. (AC +2) [an orb of fire]
 51861 | Zot:5    | Gained mutation: Your spells are a little easier to cast,
                  | but a little less powerful. [an orb of fire]
 51863 | Zot:5    | Gained mutation: Your magical capacity is low. (-10% MP)
                  | [an orb of fire]
 51864 | Zot:5    | Gained mutation: You passively map a small area around you.
                  | [an orb of fire]
 51868 | Zot:5    | Killed an orb of fire
 51911 | Zot:5    | Noticed an ancient lich
 51915 | Zot:5    | Noticed an ancient lich
 51917 | Zot:5    | Killed an ancient lich
 51928 | Zot:5    | Killed an ancient lich
 51928 | Zot:5    | Noticed an orb of fire
 51929 | Zot:5    | Gained mutation: You occasionally lose the ability to read
                  | scrolls when taking damage. [an orb of fire]
 51930 | Zot:5    | Noticed an orb of fire
 51932 | Zot:5    | Gained mutation: You are frail. (-10% HP) [an orb of fire]
 51933 | Zot:5    | Gained mutation: You sometimes lose the ability to read
                  | scrolls when taking damage. [an orb of fire]
 51935 | Zot:5    | Gained mutation: You do not regenerate when monsters are
                  | visible. [an orb of fire]
 51936 | Zot:5    | Killed an orb of fire
 51939 | Zot:5    | Gained mutation: You have hidden genetic defects. [an orb
                  | of fire]
 51950 | Zot:5    | Killed an orb of fire
 51951 | Zot:5    | Lost mutation: You are partially covered in iridescent
                  | scales. (AC +2) [potion of mutation]
 51951 | Zot:5    | Lost mutation: You expend magic power (3 MP) to strengthen
                  | your wands. [potion of mutation]
 51951 | Zot:5    | Lost mutation: You have hidden genetic defects. [potion of
                  | mutation]
 51951 | Zot:5    | Gained mutation: Your mind is acute. (Int +4, Str/Dex -1)
                  | [potion of mutation]
 51951 | Zot:5    | Gained mutation: Your system is resistant to poisons.
                  | (rPois) [potion of mutation]
 51951 | Zot:5    | Gained mutation: You are vulnerable to cold. (rC-) [potion
                  | of mutation]
 51952 | Zot:5    | Lost mutation: Your system is resistant to poisons. (rPois)
                  | [potion of mutation]
 51952 | Zot:5    | Lost mutation: You are vulnerable to cold. (rC-) [potion of
                  | mutation]
 51952 | Zot:5    | Lost mutation: You sometimes lose the ability to read
                  | scrolls when taking damage. [potion of mutation]
 51952 | Zot:5    | Lost mutation: You occasionally lose the ability to read
                  | scrolls when taking damage. [potion of mutation]
 51952 | Zot:5    | Gained mutation: Your muscles are strong. (Str +4, Int/Dex
                  | -1) [potion of mutation]
 51952 | Zot:5    | Lost mutation: Your muscles are strong. (Str +4, Int/Dex
                  | -1) [potion of mutation]
 51975 | Zot:5    | Lost mutation: You are frail. (-10% HP) [potion of
                  | mutation]
 51975 | Zot:5    | Lost mutation: Your spells are a little easier to cast, but
                  | a little less powerful. [potion of mutation]
 51975 | Zot:5    | Gained mutation: You are partially covered in iridescent
                  | scales. (AC +2) [potion of mutation]
 51975 | Zot:5    | Gained mutation: You are clumsy. (Dex -2) [potion of
                  | mutation]
 51975 | Zot:5    | Gained mutation: Your mind is very acute. (Int +8, Str/Dex
                  | -2) [potion of mutation]
 52192 | Zot:5    | Noticed an ancient lich
 52200 | Zot:5    | Killed an ancient lich
 52252 | Zot:5    | Reached skill level 15 in Conjurations
 52252 | Zot:5    | Reached skill level 15 in Summonings
 52252 | Zot:5    | Reached skill level 15 in Necromancy
 52252 | Zot:5    | Reached skill level 15 in Translocations
 52252 | Zot:5    | Reached skill level 15 in Transmutations
 52252 | Zot:5    | Reached skill level 15 in Fire Magic
 52252 | Zot:5    | Reached skill level 15 in Ice Magic
 52252 | Zot:5    | Reached skill level 15 in Air Magic
 52252 | Zot:5    | Reached skill level 15 in Earth Magic
 52252 | Zot:5    | Reached skill level 15 in Poison Magic
 52252 | Zot:5    | Reached skill level 15 in Shapeshifting
 52318 | Zot:5    | Noticed an orb of fire
 52329 | Zot:5    | Gained mutation: You occasionally lose the ability to drink
                  | potions when taking damage. [an orb of fire]
 52331 | Zot:5    | Killed an orb of fire
 52351 | Zot:5    | Noticed an orb of fire
 52355 | Zot:5    | Noticed an ancient lich
 52356 | Zot:5    | Noticed an orb of fire
 52356 | Zot:5    | Noticed an orb of fire
 52363 | Zot:5    | Gained mutation: Armour fits poorly on your strangely
                  | shaped body. [an orb of fire]
 52366 | Zot:5    | Killed an ancient lich
 52367 | Zot:5    | Killed an orb of fire
 52369 | Zot:5    | Killed an orb of fire
 52371 | Zot:5    | Killed an orb of fire
 52806 | Zot:5    | Lost mutation: Your magical capacity is low. (-10% MP)
                  | [potion of mutation]
 52806 | Zot:5    | Lost mutation: You are clumsy. (Dex -2) [potion of
                  | mutation]
 52806 | Zot:5    | Gained mutation: You are agile. (Dex +4, Str/Int -1)
                  | [potion of mutation]
 52807 | Zot:5    | Lost mutation: Your mind is very acute. (Int +8, Str/Dex
                  | -2) [potion of mutation]
 52807 | Zot:5    | Lost mutation: Your mind is acute. (Int +4, Str/Dex -1)
                  | [potion of mutation]
 52807 | Zot:5    | Lost mutation: You occasionally lose the ability to drink
                  | potions when taking damage. [potion of mutation]
 52807 | Zot:5    | Gained mutation: You have a pair of small horns on your
                  | head. [potion of mutation]
 52807 | Zot:5    | Gained mutation: You have large cloven feet. [potion of
                  | mutation]
 52807 | Zot:5    | Lost mutation: You have large cloven feet. [potion of
                  | mutation]
 52809 | Zot:5    | Got the Orb of Zot
 53399 | D:$      | Escaped with the Orb!

Illustrated notes

Levels and vault maps discovered:
D:1:      reono_arrival_forest_river, layout_loops_corners, feat_on_display
D:2:      layout_basic, uniq_jessica, uniq_sigmund
D:3:      layout_rooms, hellmonk_ecumenical_altar_prayer_group, hex_tiny,
          serial_bayou_crossing, uniq_terence, uniq_natasha
D:4:      layout_basic, marbit_many_paths, cheibrodos_sewer_entry_sluice,
          nicolae_shop_firing_range, uniq_robin
D:5:      lemuel_insect_pit, layout_gridville,
          mainiacjoe_overflow_small_starburst
D:6:      layout_basic, overflow_temple_1_default, nemelex_diamond_rough_becter,
          minmay_temple_entry_fiery, nicolae_ossuary_entry_ruins,
          nicolae_sextant, minmay_ruffians, uniq_maggie, uniq_menkaure
D:7:      cheibrodos_fertilizer, layout_loops_ring, minmay_bent, uniq_joseph
D:8:      layout_rooms, kennysheep_mini, uniq_pikel
D:9:      minmay_opposing_rooms, layout_basic, uniq_grum, uniq_harold,
          uniq_psyche
D:10:     layout_loops_ring, uniq_fannar, uniq_nergalle, uniq_gastronok,
          uniq_erolcha
D:11:     layout_roguey, erik_lair_island, minmay_orc_entry_temple_small
D:12:     layout_loops_ring, serial_shops, shop, nicolae_square_shop,
          nicolae_shop_advertising_works [nicolae_subvault_shop_adworks], shop,
          ebering_ghost_inner_flame, nicolae_shop_i_like_small_books_too
D:13:     layout_irregular_city, serial_co_window_serial, co_window_paths_a,
          co_window_paths_b, co_window_corner_a, co_window_paths_a,
          co_window_paths_a, co_window_paths_a, co_window_corner_a,
          co_window_broadway_c, co_window_cross_4, co_window_of_opportunity_b,
          co_window_2corner, co_window_of_opportunity_b, co_window_paths_d,
          glass_columns_a, glass_columns_b, glass_columns_b, glass_columns_c,
          glass_columns_a, uniq_lodul
D:14:     layout_loops_ring, david_vaults_2, gammafunk_ghost_grave,
          evilmike_ruin_ashenzari, serial_shops, nicolae_shop_gaudy_bauble
D:15:     hellmonk_depths_entry_around_the_bend, layout_cave_pools,
          good_gods_temple_1, hangedman_corner_corridor
Temple:   hellmonk_temple_divided_pantheon
Lair:1:   layout_layer_cave
Lair:2:   layout_hall_layers, skrybe_swamp_entry_bodies,
          gammafunk_lair_bear_cave, serial_bayou_shore_a
Lair:3:   layout_gridlike, alex1729_snake_entry_snake, gammafunk_ghost_icy
Lair:4:   layout_cellular_growth, slime_entry_1, serial_bayou_pond_a,
          roderic_carrion_pond
Lair:5:   gammafunk_lair_ancient_temple, layout_long_grid, minmay_lindwurm_lava,
          serial_bayou_shore_b
Swamp:1:  gammafunk_sealed_arena, layout_falls_marsh,
          nicolae_swamp_little_swirl, swamp_pool1, nicolae_swamp_bunyip_nook,
          uniq_josephine
Swamp:2:  layout_basic_swamp, evilmike_swamp_ruin_house_3
Swamp:3:  layout_basic_swamp, nicolae_swamp_treefoil, swamp_pool2
Swamp:4:  swamp_alternative, layout_basic_swamp, uniq_roxanne, uniq_bai_suzhen,
          uniq_aizul
Snake:1:  cheibrodos_forgotten_conduit, layout_rooms
Snake:2:  nrook_guardian_serpent_snake_passage, layout_misc_corridors,
          portal_ice_cave_entry_pillars_1, hangedman_feature_mirror
Snake:3:  layout_layer_cave, basic_altar, grunt_ministairs_2,
          serial_bayou_pond_c, nicolae_shop_dragon_depot,
          nicolae_snake_storage_room
Snake:4:  hellmonk_snake_rune_quicksilver_temple, layout_cave_pods,
          lightli_airlock, uniq_mlioglotl, uniq_louise
Orc:1:    layout_caves, nicolae_volcano_entry_batcave, serial_shops, shop
Orc:2:    st_orc_open, layout_caves, uniq_saint_roka
Elf:1:    minmay_elf_arrival_plus, layout_gridlike, minmay_elf_necromancy,
          minivault_16, serial_sigils_hangedman_scratch, minmay_shop_grove
Elf:2:    elven_hall_of_blades_hangedman_alternative [mumra_blade_entry_dagger],
          layout_onion_city, basic_altar
Elf:3:    elf_hall_gauntlet_wide, layout_onion_city, uniq_nikola
Vaults:1: v_misc_22, nicolae_vaults_storage_room_water,
          nicolae_vaults_network_s, v_pattern_5, hangedman_vaults_corner_blocks,
          nicolae_vaults_border_crossing, ontoclasm_vaults_claustrophobia,
          nicolae_vaults_six-pack, v_misc_3, vaults_room_pool,
          vaults_standard_mumra_x, ontoclasm_vaults_hangar,
          nicolae_vaults_little_squares_4, layout_vaults_ring, uniq_asterion
Vaults:2: minmay_crypt_entry_simple_corners, hangedman_vaults_stitches,
          nicolae_vaults_network_square, nicolae_vaults_rhombus_5,
          nicolae_vaults_trapezoid_layered, nicolae_vaults_more_shelving_1,
          grunt_vaults_twisty, vaults_room_semicircle, nicolae_vaults_little_ls,
          layout_vaults_maze_bifur, serial_shops, nicolae_shop_crystal,
          uniq_boris
Vaults:3: hellmonk_ghost_big_iron, ontoclasm_vaults_fault, v_alt_pattern_2,
          nicolae_vaults_little_squares_4, nicolae_vaults_trapezoid_layered,
          ontoclasm_vaults_gateway, layout_vaults_big_room, serial_shops, shop,
          shop, uniq_margery
Vaults:4: vaults_mumra_hexcomb, nicolae_vaults_six-pack, hangedman_vaults_slice,
          nicolae_vaults_diamond_2, grunt_vaults_bifocal,
          ontoclasm_vaults_ligature, ontoclasm_vaults_spin,
          nicolae_vaults_surprise_closet, hangedman_vaults_slice,
          vaults_room_mumra_shop_pool, layout_vaults_omnibox,
          nicolae_trove_entry_columns
Depths:1: layout_forbidden_donut, ebering_ghost_reflecting_pool,
          grunt_decor_clamped, grunt_hell_horde, hangedman_abyss_or_decor_slice,
          kennysheep_two_boxes
Depths:2: nzn_winding_woodlands_small
          [nzn_winding_woodlands_5x15_pathside_ponds,
          nzn_winding_woodlands_center_diamonds,
          nzn_winding_woodlands_5x15_concentric], layout_cave_pools,
          grunt_pan_entry_sceptre, serial_shops, nicolae_shop_rolled_up,
          hell_entry, serial_bayou_shore_b, infiniplex_staircase_pool_1
Depths:3: nicolae_hexawheel, layout_basic, enter_ziggurat_b, hell_entry,
          serial_shops, shop, abyss_entry_glasseish, rand_demon_pan_entry_1,
          library_closet, uniq_sojobo
Depths:4: grunt_zot_entry_bicorn, layout_cave_pools, pf_hell_entry_great_geh,
          lemuel_coloured_pillars_altar, elyvilon_altar_4
Zot:1:    layout_cathedral_of_symmetry
Zot:2:    kennysheep_six_static_rooms, layout_gridlike,
          hangedman_zot_decor_tridents
Zot:3:    nicolae_zot_draconian_monastery, layout_onion,
          hellmonk_ghost_happy_afterlife
Zot:4:    layout_gridlike, lemuel_baited_zot_trap, grunt_megastairs_5
Zot:5:    layout_gridlike

Skill      XL: |  1  2  3  4  5  6  7  8  9 10 11 12 13 14 15 16 17 18 19 20 21 22 23 24 25 26 27 |
---------------+----------------------------------------------------------------------------------+-----
Invocations    | 1 2 3 4 5 6 7 8 9 10 11 12 13 14 15 16 17 18 20 | 20.2
Fighting       | 1 2 3 4 5 7 8 9 10 11 12 13 14 15 16 17 | 17.9
Long Blades    | 1 2 3 4 5 7 8 9 10 11 12 13 14 15 16 17 | 17.9
Axes           | 1 2 3 4 5 7 8 9 10 11 12 13 14 15 16 17 | 17.9
Maces & Flails | 1 2 3 4 5 7 8 9 10 11 12 13 14 15 16 17 | 17.9
Polearms       | 1 2 3 4 5 7 8 9 10 11 12 13 14 15 16 17 | 17.9
Staves         | 1 2 3 4 5 7 8 9 10 11 12 13 14 15 16 17 | 17.9
Throwing       | 1 2 3 4 5 7 8 9 10 11 12 13 14 15 16 17 | 17.9
Stealth        | 1 2 3 4 5 7 8 9 10 11 13 14 15 16 17 18 19 20 21 22 | 22.8
Shields        | 1 2 3 4 5 7 8 9 10 11 12 13 14 15 16 17 18 20 | 20.0
Unarmed Combat | 1 2 3 4 5 7 8 9 10 11 12 13 14 15 16 17 | 17.9
Spellcasting   | 1 2 3 4 5 7 8 9 10 11 12 13 14 15 16 17 | 17.9
Evocations     | 1 2 3 4 5 7 8 9 10 11 12 13 14 15 16 17 | 17.9
Conjurations   | 1 2 3 4 5 6 7 8 9 10 11 12 13 14 15 | 15.2
Hexes          | 1 2 3 4 5 6 7 8 10 11 12 13 14 15 16 17 18 19 | 19.6
Summonings     | 1 2 3 4 5 6 7 8 9 10 11 12 13 14 15 | 15.2
Necromancy     | 1 2 3 4 5 6 7 8 9 10 11 12 13 14 15 | 15.2
Translocations | 1 2 3 4 5 6 7 8 9 10 11 12 13 14 15 | 15.2
Transmutations | 1 2 3 4 5 6 7 8 9 10 11 12 13 14 15 | 15.2
Fire Magic     | 1 2 3 4 5 6 7 8 9 10 11 12 13 14 15 | 15.2
Ice Magic      | 1 2 3 4 5 6 7 8 9 10 11 12 13 14 15 | 15.2
Air Magic      | 1 2 3 4 5 6 7 8 9 10 11 12 13 14 15 | 15.2
Earth Magic    | 1 2 3 4 5 6 7 8 9 10 11 12 13 14 15 | 15.2
Poison Magic   | 1 2 3 4 5 6 7 8 9 10 11 12 13 14 15 | 15.2
Shapeshifting  | 1 2 3 4 5 6 7 8 9 10 11 12 13 14 15 | 15.2
Armour         | 3 4 5 6 7 8 9 10 11 12 13 14 15 16 17 18 | 18.0
Dodging        | 3 4 5 6 7 8 9 10 11 12 13 14 15 16 17 18 | 18.0
Short Blades   | 9 10 11 12 13 14 15 16 17 18 19 | 19.5
Ranged Weapons | 9 10 11 12 13 14 15 16 17 18 19 | 19.5

Action                     |  1- 3 |  4- 6 |  7- 9 | 10-12 | 13-15 | 16-18 | 19-21 | 22-24 | 25-27 || total
---------------------------+-------+-------+-------+-------+-------+-------+-------+-------+-------++-------
  Melee: Short sword       |    38 |    51 |    40 |     7 |       |       |       |       |       ||   136
         Bite              |     4 |     5 |     7 |       |       |       |     2 |     6 |     7 ||    31
         Punch             |     1 |       |     2 |     1 |       |       |       |       |       ||     4
         Dagger            |       |       |    28 |       |       |       |       |       |       ||    28
         War axe           |       |       |       |     8 |       |       |       |       |       ||     8
         Hand crossbow     |       |       |       |       |       |       |     2 |       |       ||     2
         Quick blade       |       |       |       |       |       |       |       |    20 |    26 ||    46
   Fire: Sling             |    77 |   170 |    60 |       |       |       |       |       |       ||   307
         Orcbow            |       |    27 |       |       |       |       |       |       |       ||    27
         Hand crossbow     |       |       |   167 |   448 |   833 |   850 |  1065 |   974 |   613 ||  4950
  Throw: Throwing net      |       |       |     1 |     3 |       |       |       |       |       ||     4
         Dart              |       |       |     3 |       |       |       |       |       |       ||     3
         Javelin           |       |       |       |       |     1 |       |       |       |       ||     1
   Cast: Mephitic Cloud    |       |       |     2 |    13 |    11 |     2 |     1 |     1 |       ||    30
         Vampiric Draining |       |       |       |     2 |    14 |       |       |     3 |       ||    19
         Necrotise         |       |       |       |     1 |       |       |       |       |       ||     1
         Call Imp          |       |       |       |     1 |       |       |       |       |       ||     1
         Starburst         |       |       |       |       |       |    23 |    37 |    22 |     7 ||    89
         Agony             |       |       |       |       |       |     1 |       |       |       ||     1
         Eringya's Noxious |       |       |       |       |       |     2 |       |       |       ||     2
         Ozocubu's Armour  |       |       |       |       |       |     3 |     5 |     1 |       ||     9
         Irradiate         |       |       |       |       |       |       |     2 |       |     7 ||     9
         Plasma Beam       |       |       |       |       |       |       |       |    19 |    25 ||    44
         Freezing Cloud    |       |       |       |       |       |       |       |     4 |     4 ||     8
         Enfeeble          |       |       |       |       |       |       |       |       |     9 ||     9
 Invoke: Slouch            |       |       |       |       |     7 |     4 |     3 |     2 |       ||    16
  Evoke: Wand              |       |       |     2 |     3 |     5 |       |       |       |       ||    10
         Box of beasts     |       |       |       |       |     5 |     1 |     2 |       |     1 ||     9
         Phantom mirror    |       |       |       |       |     2 |     1 |     1 |       |     1 ||     5
         Lightning rod     |       |       |       |       |     5 |     4 |     5 |     4 |       ||    18
         Condenser vane    |       |       |       |       |     1 |     1 |     4 |     1 |     1 ||     8
    Use: Scroll            |     3 |     1 |     7 |     3 |    28 |     7 |    10 |     9 |    10 ||    78
         Potion            |       |       |     1 |       |     1 |     3 |     4 |     1 |     8 ||    18
 Armour: Leather armour    |     5 |       |       |       |       |       |       |       |       ||     5
         Ring mail         |     1 |    39 |    30 |       |       |       |       |       |       ||    70
         Steam dragon scal |       |       |    12 |    51 |    73 |    62 |    89 |    52 |    31 ||   370
         Quicksilver drago |       |       |       |       |       |       |       |       |     5 ||     5
  Dodge: Dodged            |    19 |    30 |    65 |   172 |   438 |   398 |   293 |   302 |   245 ||  1962
  Block: Other             |       |       |     6 |    31 |       |       |       |       |       ||    37
         Reflection        |       |       |     2 |     2 |    40 |    49 |   117 |    20 |       ||   230
         Buckler           |       |       |       |    77 |   406 |   295 |       |       |       ||   778
         Kite shield       |       |       |       |       |       |   100 |   185 |       |       ||   285
         Tower shield      |       |       |       |       |       |       |   580 |   813 |   477 ||  1870

Table legend: (Time is in decaauts)
 A = Elapsed time spent in this place.
 B = Non-inter-level travel time spent in this place.
 C = Inter-level travel time spent in this place.
 D = Time resting spent in this place.
 E = Time spent auto-exploring this place.
 F = Levels seen in this place.
 G = Mean time per level.
                   A        B        C        D        E       F      G
               +--------+--------+--------+--------+--------+-----+--------+
         Total |  84422 |  71899 |  12523 |   2373 |  55240 |  53 | 1592.9 |
       Dungeon |  21716 |  17648 |   4068 |    340 |  13882 |  15 | 1447.7 |
        Temple |     41 |     41 |      0 |      0 |      0 |   1 |   41.0 |
          Lair |  10609 |   9166 |   1443 |    193 |   7420 |   5 | 2121.8 |
         Swamp |   4720 |   4501 |    219 |    353 |   3172 |   4 | 1180.0 |
     Snake Pit |   7866 |   7267 |    599 |     62 |   5984 |   4 | 1966.5 |
  Orcish Mines |   2683 |   2214 |    469 |      3 |   1379 |   2 | 1341.5 |
   Elven Halls |   6650 |   5959 |    691 |    588 |   4081 |   3 | 2216.7 |
        Vaults |   8258 |   7064 |   1194 |     90 |   5908 |   4 | 2064.5 |
        Depths |   7756 |   6047 |   1709 |     29 |   4925 |   4 | 1939.0 |
           Zot |  11251 |   9123 |   2128 |    579 |   6920 |   5 | 2250.2 |
         Abyss |    100 |    100 |      0 |      0 |      0 |   1 |  100.0 |
         Trove |    223 |    223 |      0 |      0 |     88 |   1 |  223.0 |
         Sewer |    447 |    447 |      0 |      0 |    208 |   1 |  447.0 |
       Ossuary |    461 |    461 |      0 |     39 |    234 |   1 |  461.0 |
      Ice Cave |   1332 |   1332 |      0 |     96 |    902 |   1 | 1332.0 |
       Volcano |    300 |    300 |      0 |      0 |    132 |   1 |  300.0 |
               +--------+--------+--------+--------+--------+-----+--------+

Top non-repeatable levels by time:
 Snake:3: 3121 daAuts
   Zot:4: 2578 daAuts
   Zot:5: 2569 daAuts
Vaults:1: 2491 daAuts
Depths:3: 2485 daAuts
   Zot:3: 2453 daAuts
 Snake:4: 2432 daAuts
    D:11: 2358 daAuts
  Lair:3: 2354 daAuts
    D:12: 2345 daAuts
  Lair:1: 2318 daAuts
   Elf:3: 2308 daAuts
   Elf:1: 2188 daAuts
Depths:1: 2169 daAuts
Vaults:3: 2164 daAuts
